 Dungeon Crawl Stone Soup version 0.29-a0-2-g12fcac58f8 (webtiles) character file.

Game seed: 5153663381700749246

104 testman the Chopper (level 4, -4/40 HPs)
             Began as a Palentonga Berserker on Jan 26, 2022.
             Was a Believer of Trog.
             Slain by Grinder (6 damage)
             ... on level 3 of the Dungeon.
             The game lasted 00:07:27 (2501 turns).

testman the Chopper (Palentonga Berserker)          Turns: 2501, Time: 00:07:27

Health: -4/40      AC: 12    Str: 22    XL:     4   Next: 52%
Magic:  4/4        EV:  8    Int:  8    God:    Trog [**....]
Gold:   110        SH:  0    Dex: 15    Spells: 3/3 levels left

rFire   . . .      SeeInvis +   a - +0 hand axe
rCold   . . .      Faith    .   (no shield)
rNeg    . . .      Spirit   .   b - +0 animal skin
rPois   .          Reflect  .   c - +0 helmet
rElec   .          Harm     .   j - +2 cloak
rCorr   .          Rampage  .   (no gloves)
Will    .....                   o - +0 barding
Stlth   +.........              (no amulet)
HPRegen 0.13/turn               m - +6 ring of dexterity
MPRegen 0.09/turn               (no ring)

@: no status effects
A: large, rugged brown scales 3, see invisible, deformed body, roll 1, armoured
tail
a: Rolling Charge, Renounce Religion, Berserk, Trog's Hand


You were on level 3 of the Dungeon.
You worshipped Trog.
Trog was pleased with you.
You visited 1 branch of the dungeon, and saw 3 of its levels.

You collected 110 gold pieces.

Inventory:

Hand Weapons
 a - a +0 hand axe (weapon)
Missiles
 d - 147 stones
Armour
 b - a +0 animal skin (worn)
 c - a +0 helmet (worn)
 j - a +2 cloak (worn)
 o - a +0 barding (worn)
Jewellery
 m - a +6 ring of dexterity (left hand)
Scrolls
 e - 2 scrolls of teleportation {unknown}
 f - 2 scrolls of identify {unknown}
 h - 2 scrolls of noise {unknown}
 i - a scroll of enchant armour {unknown}
 k - 3 scrolls of blinking {unknown}
 l - a scroll of amnesia {unknown}
Potions
 g - a potion of might {unknown}
 n - a potion of flight {unknown}


   Skills:
 + Level 4.3 Fighting
 + Level 4.3 Axes
 - Level 1.5 Armour
 - Level 1.5 Dodging


You had 3 spell levels left.
You didn't know any spells.
Your spell library was empty.

Dungeon Overview and Level Annotations

Branches:
Dungeon (3/15)

Altars:

Annotations:
D:3 Grinder


Innate Abilities, Weirdness & Mutations

You are completely covered in rugged brown scales. (AC +3, +7% HP)
You have supernaturally acute eyesight. (SInv)
Armour fits poorly on your strangely shaped body.
You can roll at nearby foes to attack.
You have a long armoured tail.


Message History

Your tail-slap misses Grinder.
Grinder is moderately wounded.
Grinder hits you.
You writhe in agony.
You are too injured to fight recklessly!
You are too injured to fight recklessly!
You closely miss Grinder.
Your tail-slap misses Grinder.
Grinder is moderately wounded.
Grinder blinks!
Roll where?
Press: ? - help, Q - select action, (/) - cycle Dir - move target, f/p - Grinder
Aim: Grinder (moderately wounded)
You roll forward with a clatter of scales!
You hit Grinder.
Grinder is moderately wounded.
Grinder hits you but does no damage.
You hit Grinder.
Grinder is heavily wounded.
Grinder gestures at you. Pain shoots through your body!
You slash Grinder!
Grinder is severely wounded.
Grinder blinks!
You hit the ball python.
You kill the ball python!
Trog accepts your kill.
You completely miss Grinder.
Grinder is heavily wounded.
Grinder hits you.
* * * LOW HITPOINT WARNING * * *
You writhe in agony.
* * * LOW HITPOINT WARNING * * *
You barely miss Grinder.
Grinder is heavily wounded.
Grinder barely misses you.
You closely miss Grinder. You tail-slap Grinder.
Grinder is severely wounded.
Grinder hits you.
* * * LOW HITPOINT WARNING * * *
You writhe in agony.
You die...

#####
#.....######
#.†@5[.#######
######.......####
#######....####
#####.....
#######
..........#
......#
#########.#
......# ########
#.. ..[...###
###......# ###
........#
#...####.###


You could see Grinder.

Vanquished Creatures
  A hound skeleton (D:2)
  2 adders (D:3)
  An adder skeleton (D:2)
  3 worms
  2 dart slugs
  3 ball pythons
  6 bats
  4 endoplasms
  5 giant cockroaches
  3 goblins (D:2)
  6 hobgoblins
  4 jackals (D:2)
  A quokka (D:2)
  6 frilled lizards
  3 kobolds
  7 rats
57 creatures vanquished.

Notes
Turn   | Place    | Note
-------+----------+-------------------------------------------
     0 | D:1      | testman the Palentonga Berserker began the quest for the
                  | Orb.
     0 | D:1      | Reached XP level 1. HP: 19/19 MP: 1/1
   374 | D:1      | Reached XP level 2. HP: 24/25 MP: 2/2
   800 | D:1      | You fall into a shaft and drop 1 floor!
   814 | D:2      | Found a faded altar of an unknown god.
   831 | D:2      | Reached XP level 3. HP: 25/31 MP: 3/3
  1610 | D:2      | Reached ** piety under Trog
  1914 | D:2      | Reached XP level 4. HP: 36/39 MP: 4/4
  2485 | D:3      | Noticed Grinder
  2501 | D:3      | HP: 2/40 [Grinder (3)]
  2501 | D:3      | Slain by Grinder

Illustrated notes

Levels and vault maps discovered:
D:1:      pf_arrival_petrified_forest, layout_basic, roderic_lattice_a,
          columned_hall_lemuel
D:2:      layout_basic, nicolae_ecumenical_pavilion,
          chequers_serial_rivers_marsh
D:3:      layout_rooms, kennysheep_generic_room_7, uniq_grinder

Skill      XL: |  1  2  3 |
---------------+----------+-----
Fighting       | 4 |  4.3
Axes           | 4 |  4.3
Armour         | |  1.5
Dodging        | |  1.5

Action                   |  1- 3 |  4- 6 || total
-------------------------+-------+-------++-------
Melee: Hand axe          |   127 |    46 ||   173
       Tailslap          |    11 |     4 ||    15
       Punch             |     4 |       ||     4
 Abil: Rolling Charge    |    11 |     9 ||    20
 Stab: Sleeping          |     1 |     1 ||     2
Armor: Animal skin       |    58 |    21 ||    79
Dodge: Dodged            |    48 |    14 ||    62

Table legend: (Time is in decaauts)
 A = Elapsed time spent in this place.
 B = Non-inter-level travel time spent in this place.
 C = Inter-level travel time spent in this place.
 D = Time resting spent in this place.
 E = Time spent auto-exploring this place.
 F = Levels seen in this place.
 G = Mean time per level.
                   A        B        C        D        E       F      G
               +--------+--------+--------+--------+--------+-----+--------+
         Total |   2525 |   2490 |     35 |    405 |   1645 |   3 |  841.7 |
       Dungeon |   2525 |   2490 |     35 |    405 |   1645 |   3 |  841.7 |
               +--------+--------+--------+--------+--------+-----+--------+

Top non-repeatable levels by time:
     D:1: 1295 daAuts
     D:2: 768 daAuts
     D:3: 461 daAuts
